 Dungeon Crawl Stone Soup version 0.22-b1-21-g5cfc1688f2 (webtiles) character file.

1563 Jorund the Insei (level 8, -4/48 HPs)
             Began as an Octopode Transmuter on Aug 7, 2018.
             Slain by an iguana (5 damage)
             ... on level 6 of the Dungeon.
             The game lasted 00:17:49 (7951 turns).

Jorund the Insei (Octopode Transmuter)              Turns: 7951, Time: 00:17:49

Health: -4/48      AC:  1    Str:  9    XL:     8   Next: 89%
Magic:  15/15      EV: 13    Int: 17    God:
Gold:   391        SH:  0    Dex: 15    Spells: 9/17 levels left

rFire    . . .     SeeInvis .     - Unarmed
rCold    . . .     Gourm    .   (no shield)
rNeg     . . .     Faith    .   (helmet restricted)
rPois    .         Spirit   .   (no amulet)
rElec    .         Reflect  .   l - ring of protection from magic
rCorr    .         Harm     .   d - ring of protection from magic
MR       ++...     Clarity  +   g - ring of wizardry
Stlth    ++++......             (no ring)
HPRegen  0.16/turn              (no ring)
MPRegen  0.14/turn              (no ring)
                                (no ring)
                                (no ring)

@: appendage
A: almost no armour, stealthy swim, amphibious, 8 rings, constrict 8, antennae
1, tentacle spike 3, camouflage 1, agile 1, clarity, gelatinous body 1
a: End Transformation


You were on level 6 of the Dungeon.
You were not hungry.
One of your tentacles had a temporary spike.
You visited 1 branch of the dungeon, and saw 6 of its levels.

You collected 391 gold pieces.

Inventory:

Hand Weapons
 b - a +0 dagger
 e - a +0 shortbow
Missiles
 a - 118 arrows
Jewellery
 d - a ring of protection from magic (right tentacle)
 g - a ring of wizardry (on tentacle)
 l - a ring of protection from magic (left tentacle)
Scrolls
 j - 2 scrolls of fog
 k - a scroll of blinking
 m - a scroll of identify
Potions
 f - a potion of brilliance
 h - a potion of cancellation
 i - 2 potions of curing
 q - 4 potions of flight
Comestibles
 c - 8 rations


   Skills:
 - Level 1.0 Fighting
 - Level 0.2 Short Blades
 - Level 2.0 Dodging
 - Level 5.0 Stealth
 + Level 7.7 Unarmed Combat
 + Level 5.0 Spellcasting
 + Level 5.1 Transmutations
 + Level 1.9 Poison Magic


You had 9 spell levels left.
You knew the following spells:

 Your Spells              Type           Power        Failure   Level  Hunger
a - Beastly Appendage     Tmut           ###...       1%          1    None
b - Spider Form           Tmut/Pois      ###.......   4%          3    ###....
c - Ice Form              Ice/Tmut       ##......     21%         4    ####...

Your spell library contained the following spells:

 Spells                   Type           Power        Failure   Level  Hunger
 Blade Hands              Tmut           ###.......   19%         5    ######.
 Sticks to Snakes         Tmut           ###.....     1%          2    #......


Dungeon Overview and Level Annotations

Branches:
Dungeon (6/15)             Temple (0/1) D:5

Altars:
Elyvilon
Ru
Xom
Yredelemnul

Annotations:
D:6 Edmund


Innate Abilities, Weirdness & Mutations

You cannot wear most types of armour.
You are very stealthy in the water. (Stealth+)
You are amphibious.
You can wear up to eight rings at the same time.
You can use your tentacles to constrict eight enemies at once.
Your skin changes colour to match your surroundings (Stealth+).
Your rubbery body absorbs attacks. (AC +1, EV +1)
You have a pair of small antennae on your head.
One of your tentacles bears a large vicious spike.
You are agile. (Dex +2)
You possess an exceptional clarity of mind.


Message History

You tentacle-slap the orc priest but do no damage.
The orc priest is severely wounded.
You constrict the orc priest. The iguana closely misses you.
The orc priest hits you with a club!
You are too injured to fight recklessly!
You are too injured to fight recklessly!
You tentacle-slap the orc priest.
You kill the orc priest!
Your Spellcasting skill increases to level 5!
The iguana bites you!
* * * LOW HITPOINT WARNING * * *
You barely miss the iguana. You grab the iguana.
You constrict the iguana, but do no damage.
The iguana bites you!
* * * LOW HITPOINT WARNING * * *
You barely miss the iguana.
You pierce the iguana.
The iguana is lightly wounded.
You constrict the iguana, but do no damage.
The iguana bites you.
You die...

### ...#
####. .#
####... ..##
#.....#.....
#####
#.....#....
Y#....
#.......#
......
#..)†.###.#
#....
#..@l.....#
#####
###########


You could see an iguana.

Vanquished Creatures
  2 phantoms (D:4)
  An ice beast (D:6)
  An ogre (D:6)
  2 centaurs (D:5)
  Blork the orc (D:4)
  A bullfrog (D:6)
  5 crimson imps
  A centaur zombie (D:5)
  A human zombie (D:4)
  6 orc priests
  4 orc wizards
  An iguana (D:4)
  6 worker ants
  A hound skeleton (D:6)
  A worker ant zombie (D:5)
  5 adders
  4 gnolls (D:5)
  An ooze (D:5)
  3 worms
  3 dart slugs
  3 leopard geckos
  22 orcs
  4 giant cockroaches
  7 goblins
  5 hobgoblins
  2 jackals (D:1)
  8 quokkas
  6 ball pythons
  4 bats
  7 frilled lizards
  A jackal skeleton (D:4)
  14 kobolds
  9 rats
142 creatures vanquished.

Vanquished Creatures (others)
  An orc (D:4)
1 creature vanquished.

Grand Total: 143 creatures vanquished

Notes
Turn   | Place    | Note
-------+----------+-------------------------------------------
     0 | D:1      | Jorund the Octopode Transmuter began the quest for the Orb.
     0 | D:1      | Reached XP level 1. HP: 13/13 MP: 3/3
    63 | D:1      | Reached XP level 2. HP: 13/18 MP: 3/5
   839 | D:2      | Reached XP level 3. HP: 23/23 MP: 4/6
   842 | D:2      | Reached skill level 1 in Stealth
  1435 | D:2      | Reached XP level 4. HP: 23/28 MP: 5/7
  1714 | D:2      | Learned a level 3 spell: Spider Form
  1943 | D:3      | Gained mutation: You have a pair of small antennae on your head. [potion of mutation]
  1943 | D:3      | Gained mutation: You possess an exceptional clarity of mind. [potion of mutation]
  1943 | D:3      | Gained mutation: You are agile. (Dex +2) [potion of mutation]
  2100 | D:3      | Found a sacrificial altar of Ru.
  2590 | D:3      | Found a white marble altar of Elyvilon.
  2750 | D:3      | Reached XP level 5. HP: 21/33 MP: 6/9
  2985 | D:3      | Noticed an orc warrior
  2993 | D:3      | Reached skill level 4 in Unarmed Combat
  3806 | D:4      | Noticed Blork the orc
  3811 | D:4      | Reached XP level 6. HP: 32/38 MP: 8/10
  4001 | D:4      | Killed Blork the orc
  4031 | D:4      | Noticed a phantom
  4114 | D:4      | Killed a phantom
  4114 | D:4      | Reached skill level 5 in Unarmed Combat
  4114 | D:4      | Reached XP level 7. HP: 35/43 MP: 12/12
  4176 | D:4      | Reached skill level 1 in Poison Magic
  4620 | D:4      | Found a runed door.
  4620 | D:4      | Noticed a human
  4626 | D:4      | Found a basalt altar of Yredelemnul.
  4829 | D:5      | Entered Level 5 of the Dungeon
  5040 | D:5      | HP: 2/43 [centaur zombie (6)]
  5444 | D:5      | Reached skill level 6 in Unarmed Combat
  5460 | D:5      | HP: 2/43 [orc/war axe (5)]
  5875 | D:5      | Reached skill level 5 in Stealth
  5951 | D:5      | Reached XP level 8. HP: 29/48 MP: 12/14
  6270 | D:5      | Found a shimmering altar of Xom.
  6591 | D:5      | Found a staircase to the Ecumenical Temple.
  6808 | D:5      | Learned a level 4 spell: Ice Form
  7048 | D:6      | HP: 1/48 [ogre/giant spiked club (21)]
  7369 | D:6      | Reached skill level 7 in Unarmed Combat
  7550 | D:6      | Reached skill level 5 in Transmutations
  7558 | D:6      | Noticed Edmund
  7949 | D:6      | Reached skill level 5 in Spellcasting
  7950 | D:6      | HP: 1/48 [iguana (8)]
  7951 | D:6      | Slain by an iguana

Skill      XL: |  1  2  3  4  5  6  7  8 |
---------------+-------------------------+-----
Stealth        | 2 3 4 5 |  5.0
Unarmed Combat | 4 5 6 7 |  7.7
Spellcasting   | 3 4 5 |  5.0
Transmutations | 3 4 5 |  5.1
Poison Magic   | 1 |  1.9
Fighting       | |  1.0
Short Blades   | |  0.2
Dodging        | |  2.0

Action                   |  1- 3 |  4- 6 |  7- 9 || total
-------------------------+-------+-------+-------++-------
Melee: Unarmed           |    73 |   146 |   198 ||   417
       Dagger            |    11 |       |       ||    11
       Kick              |    17 |    24 |    41 ||    82
       Constrict         |    23 |    35 |    29 ||    87
       Tentacles         |    14 |    19 |    29 ||    62
       Punch             |     2 |     3 |     6 ||    11
 Cast: Beastly Appendage |    20 |    23 |    30 ||    73
       Spider Form       |       |     4 |     4 ||     8
  Use: Potion            |       |     6 |     2 ||     8
       Scroll            |       |     9 |     4 ||    13
 Stab: Sleeping          |    14 |     8 |     8 ||    30
  Eat: Chunk             |     2 |     9 |     8 ||    19
       Ration            |       |       |     2 ||     2
Armor: Skin              |     3 |     4 |     9 ||    16
Dodge: Dodged            |    35 |    95 |   105 ||   235
